Map: Cyfrowa wojna

Players

Legol

  • Race: Terran Terran
  • League: Gold

RhyoliTe

  • Race: Protoss Protoss
  • Spawn Location: 7:00

VOD

Have the link to the VOD?

Description

Time

  • Played on: Jan. 3, 2020, 11:18 a.m.
  • Length: 14:00
Show
View Real Time Build Order
Export as new Build Order

Legol Terran 

Build Orders:  

Get SALT Encoding   

  12  0:05  SCV  
  13  0:20  SCV  
  14  0:34  SCV  
  14  0:38  Refinery  
  15  0:49  SCV  
  16  1:03  Engineering Bay  
  16  1:04  SCV  
  17  1:19  SCV  
  18  1:34  SCV  
  19  1:49  SCV  
  20  2:00  Gunslingers Hideout  
  20  2:07  Muscle Armory  
  20  2:09  SCV  
  20  2:12  Fixers Safehouse  
  21  2:24  SCV  
  21  2:25  Refinery  
  22  2:39  SCV  
  22  2:41  Outlaw Weapons Level 1  
  23  2:54  SCV  
  24  3:01  Tychus  
  24  3:08  SCV  
  25  3:23  SCV  
  25  3:25  Engineering Bay  
  26  3:38  SCV  
  26  3:42  Outlaw Weapons Level 2  
  27  4:01  SCV  
  28  4:16  SCV  
  28  4:18  James Sirius Sykes  
  39  4:31  Outlaw Life and Armor Level 1  
  39  4:43  Command Center  
  39  4:49  SCV  
  40  5:04  SCV  
  41  5:31  SCV  
  41  5:34  SCV  
  41  5:46  Outlaw Weapons Level 3  
  43  5:51  SCV  
  43  6:06  SCV  
  45  6:39  SCV  
  45  6:40  SCV  
  47  6:54  SCV x2  
  49  7:09  SCV x2  
  51  7:24  SCV x2  
  51  7:28  Miles Blaze Lewis  
  63  7:40  SCV x2  
  65  7:55  SCV x2  
  65  7:56  Refinery  
  65  7:58  Refinery  
  67  8:09  SCV  
  67  8:16  Outlaw Weapons Level 4  
  68  8:43  SCV x2  
  70  8:50  Outlaw Life and Armor Level 2  
  70  8:57  SCV  
  70  8:58  SCV  
  72  9:13  KD9a Implosion Core  
  72  9:34  High Capacity Containers  
  72  10:17  Engineering Bay  
  72  10:18  Engineering Bay  
  72  10:28  Medivac Platform x2  
  72  10:47  Auto-Turret  
  72  10:48  Auto-Turret  
  72  10:49  Auto-Turret  
  72  10:51  Auto-Turret  
  72  10:52  Auto-Turret x2  
  62  11:57  Vega  
  72  12:26  Moebius Psionic Motivator  
Show
View Real Time Build Order
Export as new Build Order

RhyoliTe Protoss 

Build Orders:  

Get SALT Encoding   

  12  0:01  Probe (Chrono Boost)  
  13  0:14  Probe (Chrono Boost)  
  14  0:26  Probe (Chrono Boost)  
  15  0:38  Probe (Chrono Boost)  
  15  0:39  Pylon  
  15  0:47  Assimilator  
  16  0:51  Probe (Chrono Boost)  
  17  1:03  Probe (Chrono Boost)  
  18  1:14  Pylon  
  18  1:18  Assimilator  
  18  1:19  Probe (Chrono Boost)  
  19  1:31  Probe (Chrono Boost)  
  20  1:43  Probe (Chrono Boost)  
  21  1:56  Pylon  
  21  1:57  Probe (Chrono Boost)  
  22  2:09  Probe (Chrono Boost)  
  22  2:18  Gateway  
  23  2:21  Probe (Chrono Boost)  
  24  2:33  Protoss Ground Weapons Level 1, Probe (Chrono Boost), Forge  
  25  2:46  Probe (Chrono Boost)  
  26  2:58  Probe (Chrono Boost)  
  27  3:11  Probe (Chrono Boost), Gateway  
  28  3:20  Sentinel  
  28  3:22  Protoss Shields Level 1  
  30  3:41  Cybernetics Core  
  30  4:19  Pylon  
  30  4:31  Sentinel x2  
  30  4:35  Warp Gate  
  34  5:03  Gateway x2  
  34  5:12  Optimized Ordinance  
  36  5:50  Sentinel x2  
  36  5:58  Energizer  
  36  5:59  Energizer  
  44  6:15  Solar Efficiency Level 1  
  42  7:26  Nexus  
  42  7:29  Assimilator  
  42  7:35  Assimilator  
  42  7:40  Pylon, Enhanced Targeting  
  42  7:43  Pylon  
  42  7:47  Advanced Repair Systems  
  42  7:50  Pylon  
  42  7:54  Pylon  
  42  8:20  Twilight Council  
  42  8:46  Pylon  
  42  8:54  Pylon  
  42  9:09  Pylon  
  56  9:10  Probe (Chrono Boost)  
  42  9:14  Pylon  
  43  9:22  Probe (Chrono Boost)  
  44  9:34  Probe (Chrono Boost)  
  45  9:46  Probe (Chrono Boost)  
  46  9:52  Sentinel x3  
  46  9:53  Sentinel  
  46  9:58  Probe (Chrono Boost)  
  55  10:10  Probe (Chrono Boost)  
  56  10:22  Probe (Chrono Boost)  
  56  10:29  Photon Cannon  
  57  10:34  Probe (Chrono Boost)  
  57  10:36  Photon Cannon  
  57  10:39  Photon Cannon  
  58  10:46  Photon Cannon  
  58  10:48  Probe (Chrono Boost)  
  58  10:56  Probe (Chrono Boost)  
  58  10:58  Probe (Chrono Boost)  
  51  11:47  Sentinel x4  
  59  11:57  Robotics Facility  
  59  11:59  Probe (Chrono Boost), Robotics Facility  
  60  12:11  Probe (Chrono Boost)  
  61  12:23  Energizer, Probe (Chrono Boost)  
  61  12:24  Energizer  
  66  12:35  Probe (Chrono Boost)  
  67  12:41  Charge  
  67  12:47  Probe (Chrono Boost)  
Tags
 
Commander
KaraxTychus
League
Gold
Matchup
Co-op
Add a new tag
Caveats
  • Supply blocks, unpowered buildings, or Contaminate may cause inaccurate times.
  • Supply counts are checked every 10 seconds.